Map: Rifts to Korhal

Players

Keptn

  • Race: Terran Terran
  • Spawn Location: 7:00

djeyms

  • Race: Terran Terran
  • Spawn Location: 7:00

VOD

Have the link to the VOD?

Description

Time

  • Played on: Nov. 28, 2017, 11:41 a.m.
  • Length: 25:39
Show
View Real Time Build Order
Export as new Build Order

Keptn Terran 

Build Orders:  

Get SALT Encoding   

  12  0:03  SCV  
  13  0:20  SCV  
  13  0:26  Supply Depot  
  14  0:37  SCV  
  15  0:54  SCV  
  15  0:58  Barracks  
  16  1:11  SCV  
  17  1:28  Barracks  
  18  1:32  Marine, Orbital Command  
  18  1:42  Marine  
  19  1:57  Marine  
  19  2:00  Marine  
  19  2:08  SCV  
  14  2:10  Marine  
  22  2:12  Refinery  
  23  2:32  Supply Depot, Marine x2  
  23  2:35  SCV  
  26  2:42  Marine  
  26  2:43  Marine  
  28  2:51  SCV  
  28  2:58  Marine  
  29  3:00  Marine  
  29  3:02  Barracks  
  31  3:22  Supply Depot, Marine x2  
  31  3:25  SCV  
  34  3:36  Marine  
  34  3:37  Marine x2  
  36  3:42  SCV  
  38  3:51  Barracks Tech Lab, Marine  
  39  4:03  Combat Shields  
  39  4:04  Supply Depot  
  39  4:05  Marine  
  39  4:07  Marine, SCV  
  41  4:15  Medic  
  44  4:24  Marine, SCV  
  44  4:26  Refinery  
  44  4:27  Marine  
  47  4:50  Supply Depot, Medic  
  47  4:53  SCV  
  50  5:10  SCV  
  50  5:14  Medic  
  50  5:15  Marine x2  
  50  5:16  Supply Depot  
  55  5:27  SCV  
  55  5:28  Medic, Marine x2  
  60  5:44  SCV  
  60  5:48  Supply Depot, Marine x2, Medic  
  65  6:06  Supply Depot  
  65  6:11  Medic  
  65  6:12  Marine, Engineering Bay  
  65  6:14  Marine  
  69  6:24  Stabilizer Medpacks  
  69  6:48  Terran Infantry Weapons Level 1  
  69  6:53  Medic  
  71  7:03  SCV  
  72  7:12  Command Center  
  72  7:20  Medic  
  72  7:23  Supply Depot  
  74  7:33  Medic, Marine  
  74  7:34  Marine  
  78  7:46  Medic, Marine  
  78  7:47  Marine  
  81  7:57  SCV  
  81  7:59  Medic, Marine x2  
  87  8:24  Supply Depot, Marine x2, Medic  
  91  8:35  Medic, SCV  
  91  8:36  Marine  
  95  8:45  Supply Depot, Marine  
  88  9:20  Orbital Command  
  88  9:21  SCV  
  88  9:24  Refinery  
  88  9:26  Refinery  
  88  9:27  Medic, Marine x2  
  89  9:38  SCV  
  91  10:00  Medic, Marine x2  
  95  10:11  Terran Infantry Armor Level 1  
  95  10:15  Barracks Reactor  
  95  10:16  Barracks Reactor  
  95  10:19  Supply Depot, Factory  
  95  10:39  SCV x2  
  97  10:44  Medic  
  99  10:56  SCV x2  
  101  11:07  Medic, Marine  
  101  11:08  Marine x3  
  107  11:29  Armory  
  107  11:31  Barracks  
  107  11:32  Supply Depot  
  107  11:41  Medic, Marine x3  
  107  11:42  Marine  
  107  11:46  Factory Tech Lab  
  113  12:07  Medic  
  113  12:08  Supply Depot, Marine x4, Barracks Reactor, Engineering Bay  
  113  12:17  Marine  
  120  12:44  Medic, Marine x4  
  85  13:00  Medic, Marine  
  85  13:01  Marine x5  
  85  13:04  Siege Tank  
  96  13:10  Marine  
  96  13:16  Terran Infantry Weapons Level 2, Terran Infantry Armor Level 2  
  96  13:18  Terran Vehicle and Ship Weapons Level 1  
  97  13:32  Medic, Marine x3  
  97  13:33  Marine x3  
  97  13:34  Starport  
  97  13:37  Siege Tank  
  108  14:02  SCV x2  
  108  14:03  Medic  
  112  14:19  SCV x2  
  114  14:36  SCV x2  
  114  14:37  Medic  
  114  14:38  Marine x6  
  115  14:47  Siege Tank  
  123  14:50  Medic, Marine x2  
  123  14:51  Marine x3  
  123  14:52  Marine  
  123  14:58  SCV  
  123  14:59  SCV  
  136  15:14  Medic, Marine x2  
  136  15:15  Starport Tech Lab, SCV x2  
  142  15:22  Fusion Core  
  142  15:35  Siege Tank  
  142  15:37  Siege Tank  
  142  15:42  Siege Tank  
  142  16:05  Marine  
  142  16:10  Marine  
  142  16:12  Siege Tank x2  
  142  16:13  Marine  
  142  16:17  SCV  
  142  16:47  Siege Tank  
  142  17:22  Terran Infantry Armor Level 3, Terran Infantry Weapons Level 3  
  142  17:24  Terran Vehicle and Ship Weapons Level 2  
  142  17:26  Marine  
  142  17:27  Marine  
  142  17:28  Marine  
  142  17:29  Marine  
  142  17:30  Marine  
  142  17:31  Marine  
  142  17:34  Medic  
  142  17:37  Marine  
  141  17:59  Supply Depot  
  141  18:00  Siege Tank, Battlecruiser  
  141  18:02  Supply Depot  
  141  18:03  Supply Depot  
  141  18:06  Supply Depot  
  141  18:07  Starport  
  141  18:09  Starport  
  150  18:43  Battlecruiser  
  150  18:44  Medic, Marine x2  
  150  18:45  Marine x4  
  150  18:46  Siege Tank  
  167  18:54  Marine  
  168  19:03  Weapon Refit  
  168  19:26  Starport Tech Lab x2  
  168  19:28  Medic, Marine x3  
  168  19:29  Marine  
  168  19:38  Supply Depot, Marine x2  
  174  19:41  Supply Depot x2  
  174  19:43  Supply Depot  
  174  19:45  Medic  
  174  19:46  Supply Depot, Marine x4  
  174  19:49  Marine  
  182  19:56  Armory  
  183  20:25  Battlecruiser  
  189  20:34  Terran Vehicle And Ship Armor Level 1  
  186  21:09  Battlecruiser  
  191  21:45  Siege Tank x3  
  191  21:46  Siege Tank  
  191  21:47  Battlecruiser  
  191  21:49  Marine x3  
  172  24:32  Battlecruiser x2  
  172  24:33  Battlecruiser  
Show
View Real Time Build Order
Export as new Build Order

djeyms Terran 

Build Orders:  

Get SALT Encoding   

  12  1:04  Refinery  
  12  1:11  Refinery  
  12  1:19  SCV  
  13  1:33  Supply Depot  
  13  1:36  SCV  
  14  1:53  SCV  
  15  2:05  Supply Depot  
  16  2:10  SCV  
  16  2:27  SCV  
  17  2:38  Factory  
  17  2:41  Engineering Bay  
  17  2:44  SCV  
  19  3:01  SCV  
  19  3:18  SCV  
  20  3:35  SCV  
  21  3:43  Factory Tech Lab  
  22  3:52  SCV  
  22  4:09  SCV  
  23  4:13  Supply Depot  
  23  4:26  SCV  
  24  4:32  Hi-Sec Auto Tracking  
  24  4:43  SCV  
  24  4:45  Supply Depot  
  26  5:00  SCV  
  26  5:28  Armory  
  26  5:31  Building Armor  
  26  5:40  Goliath  
  28  6:12  Goliath  
  30  6:22  Ares-Class Targeting System  
  30  6:34  Upgrade Laser Drill Level 1  
  30  6:36  Starport  
  30  6:44  Goliath  
  32  6:52  Maelstrom Rounds  
  32  7:16  Goliath  
  34  7:25  SCV  
  34  7:27  Starport Tech Lab  
  35  7:33  Terran Vehicle and Ship Weapons Level 1  
  36  7:42  SCV  
  36  8:22  Targeting Optics  
  36  9:33  Goliath  
  38  9:44  Improved Nano-Repair  
  38  10:05  Goliath  
  40  10:13  Terran Vehicle And Ship Armor Level 1  
  40  10:37  Goliath  
  42  10:44  Pulse Amplifier  
  42  11:09  Goliath  
  42  11:33  Command Center  
  36  11:41  Goliath  
  38  12:13  Siege Tank  
  41  12:49  Siege Tank  
  44  13:18  Refinery  
  44  13:25  Siege Tank  
  48  13:32  SCV  
  48  13:49  SCV  
  49  13:54  Refinery  
  49  14:00  Siege Tank  
  49  14:06  SCV  
  53  14:23  SCV  
  55  14:40  SCV  
  55  15:12  Science Vessel  
  57  15:31  Siege Tank  
  57  15:32  Siege Tank x3  
  57  16:00  Science Vessel  
  57  16:03  Siege Tank x4  
  59  16:38  Siege Tank x4  
  59  16:48  Hercules  
  60  17:13  Siege Tank x4  
  60  17:32  Supply Depot  
  60  17:34  Siege Tank x4  
  60  18:02  Hercules  
  60  18:03  Supply Depot  
  61  18:21  Siege Tank x4  
  59  18:34  Wraith  
  61  19:36  Goliath  
  63  19:49  Wraith  
  65  20:08  Goliath  
  67  20:20  Supply Depot  
  67  20:26  SCV  
  67  20:29  Wraith  
  70  20:40  Goliath  
  70  20:43  SCV  
  74  21:00  SCV  
  74  21:09  Wraith  
  76  21:11  Goliath  
  76  21:17  SCV  
  79  21:34  SCV  
  80  21:43  Goliath  
  80  21:48  Wraith  
  84  21:56  Supply Depot  
  84  22:06  Terran Vehicle and Ship Weapons Level 2  
  84  22:15  Supply Depot  
  84  22:28  Wraith  
  86  22:48  Supply Depot  
  86  23:08  Wraith  
  84  23:48  Wraith  
  86  24:28  Wraith  
Tags
 
Add a new tag
Caveats
  • Supply blocks, unpowered buildings, or Contaminate may cause inaccurate times.
  • Supply counts are checked every 10 seconds.